 Dungeon Crawl Stone Soup version 0.29.1-1-gd02db6906a (webtiles) character file.

Game seed: 13067671084306149766

4 groovy9 the Conjurer (level 1, 0/10 HPs)
             Began as a Deep Elf Conjurer on Sept 24, 2022.
             Slain by a jackal (3 damage)
             ... on level 1 of the Dungeon.
             The game lasted 00:00:59 (83 turns).

groovy9 the Conjurer (Deep Elf Conjurer)              Turns: 83, Time: 00:01:00

Health: 0/10       AC:  2    Str:  4    XL:     1   Next: 58%
Magic:  0/6        EV: 12    Int: 22    God:
Gold:   0          SH:  0    Dex: 13    Spells: 5/6 levels left

rFire   . . .      SeeInvis .   f - +0 dagger
rCold   . . .      Faith    .   (no shield)
rNeg    . . .      Spirit   .   a - +0 robe
rPois   .          Reflect  .   (no helmet)
rElec   .          Harm     .   (no cloak)
rCorr   .          Rampage  .   (no gloves)
Will    .....                   (no boots)
Stlth   ++........              (no amulet)
HPRegen 0.03/turn               (no ring)
MPRegen 0.10/turn               (no ring)

@: no status effects
A: no striking features
a: no special abilities


You were on level 1 of the Dungeon.
You visited 1 branch of the dungeon, and saw 1 of its levels.

Inventory:

Hand Weapons
 f - a +0 dagger (weapon)
Armour
 a - a +0 robe (worn)
Scrolls
 c - a scroll of identify {unknown}
 d - a scroll of amnesia {unknown}
Potions
 b - a potion of magic
 e - a potion of curing {unknown}


   Skills:
 - Level 2.4 Dodging
 - Level 2.4 Stealth
 + Level 3.3 Spellcasting
 + Level 4.5 Conjurations


You had 5 spell levels left.
You knew the following spells:

 Your Spells              Type           Power      Damage    Failure   Level
a - Magic Dart            Conj           92%        1d7       1%          1

Your spell library contained the following spells:

 Spells                   Type           Power      Damage    Failure   Level
 Searing Ray              Conj           46%        2d6       2%          2
 Dazzling Flash           Conj/Hex       26%        N/A       14%         3
 Fulminant Prism          Conj/Hex       6%         3d7       43%         4
 Iskenderun's Mystic Bla  Conj/Tloc      13%        2d5       43%         4


Dungeon Overview and Level Annotations

Branches:
Dungeon (1/15)

Altars:


Message History

The magic dart hits the jackal.
You kill the jackal!
The bat barely misses you.
You are out of magic!
The jackal attacks as you move away!
The jackal bites you but does no damage.
The magic dart hits the jackal but does no damage.
The bat hits you but does no damage. The jackal bites you.
You hit the jackal but do no damage. The jackal misses you.
The bat closely misses you. The jackal barely misses you.
You closely miss the jackal. The bat closely misses you.
The jackal closely misses you.
You barely miss the jackal. The bat closely misses you.
The jackal bites you. x2
The jackal attacks as you move away! The jackal misses you. The bat misses you.
The bat attacks as you move away! The bat hits you but does no damage.
The bat barely misses you. The bat hits you but does no damage.
The bat barely misses you. The bat misses you. The bat closely misses you.
The bat barely misses you. The bat hits you but does no damage.
Things that are here:
a +0 dagger; a jackal corpse; a goblin corpse
f - a +0 dagger The bat misses you.
The bat completely misses you. The jackal misses you.
You are too injured to fight recklessly!
Aiming: Magic Dart (safe; 1% risk of failure)
Press: ? - help, Q - select action Shift-Dir - straight line, f/p - jackal
Aim: a jackal (100% to hit)
The magic dart hits the jackal but does no damage.
The bat hits you but does no damage. The jackal bites you. x2
f - a +0 dagger (weapon)
You hit the jackal.
The jackal is moderately wounded.
The bat closely misses you. The jackal barely misses you. The jackal bites you.
* * * LOW HITPOINT WARNING * * *
You hit the jackal but do no damage.
The jackal is moderately wounded.
The bat closely misses you. The jackal bites you.
You die...

..... ....### #
..... #. #.#.#
#..##.#.#####?#
#.............#
##.##b#.######
#h.#h# #@##.#
#####.##.#
#.[......# ##
.....###.##.# ###.
##.
#.##.#######♣♣♣...
..##..............
########.........♣♣
#♣.......♣♣#
♣♣....♣♣###


You could see a jackal and a bat.

Vanquished Creatures
  A goblin (D:1)
  2 jackals (D:1)
  A frilled lizard (D:1)
4 creatures vanquished.

Notes
Turn   | Place    | Note
-------+----------+-------------------------------------------
     0 | D:1      | groovy9 the Deep Elf Conjurer began the quest for the Orb.
     0 | D:1      | Reached XP level 1. HP: 10/10 MP: 6/6
    83 | D:1      | Slain by a jackal

Illustrated notes

Levels and vault maps discovered:
D:1:      sevenhm_arrival_forest_fort_large_2, layout_loops_ring

Action                   || total
-------------------------++-------
Melee: Unarmed           ||     3
       Dagger            ||     2
 Cast: Magic Dart        ||     9
Armor: Robe              ||     6
Dodge: Dodged            ||    24
